 Dungeon Sprint DCSS version 0.28-a0-925-gd5e1996cdb (webtiles) character file.

Game seed: 9385555073160094998

17 mhtbhm the Skirmisher (level 2, -9/20 HPs)
             Began as a Gargoyle Fighter on Nov 26, 2021.
             Mangled by an iguana (10 damage)
             ... in the Dungeon (Sprint IX: "|||||||||||||||||||||||||||||").
             The game lasted 00:00:12 (116 turns).

mhtbhm the Skirmisher (Gargoyle Fighter)             Turns: 116, Time: 00:00:12

Health: -9/20      AC: 10    Str: 19    XL:     2   Next: 62%
Magic:  2/2        EV:  9    Int:  8    God:
Gold:   0          SH:  4    Dex:  9    Spells: 1/1 levels left

rFire   . . .      SeeInvis .   a - +0 flail
rCold   . . .      Faith    .   c - +0 buckler
rNeg    + . .      Spirit   .   b - +0 scale mail
rPois   ∞          Reflect  .   (no helmet)
rElec   +          Harm     .   (no cloak)
rCorr   .          Rampage  .   (no gloves)
Will    .....      NoTele   +   (no boots)
Stlth   ..........              (no amulet)
HPRegen 0.06/turn               (no ring)
MPRegen 0.08/turn               (no ring)

@: no status effects
A: sickness immunity, AC +2, negative energy resistance 1, electricity
resistance, torment resistance 1, petrification resistance
a: no special abilities


You were in the Dungeon.
You visited 1 branch

Inventory:

Hand Weapons
 a - a +0 flail (weapon)
Armour
 b - a +0 scale mail (worn)
 c - a +0 buckler (worn)
Scrolls
 j - a scroll of blinking
Potions
 d - a potion of might
 e - a potion of curing
 g - a potion of haste
 h - 2 potions of magic
 i - a potion of berserk rage


   Skills:
 + Level 4.4 Fighting
 + Level 2.6 Maces & Flails
 + Level 4.4 Armour
 + Level 0.2 Dodging
 + Level 4.4 Shields


You had one spell level left.
You didn't know any spells.
Your spell library was empty.

Dungeon Overview and Level Annotations

Branches:
Dungeon (1/1)

Altars:


Innate Abilities, Weirdness & Mutations

You are immune to sickness and miasma.
Your stone body is resilient. (AC +2)
You are immune to poison.
You resist negative energy. (rN+)
You are resistant to electric shocks. (rElec)
You are resistant to unholy torment.
You are immune to petrification.


Message History

You closely miss the quokka. The quokka barely misses you.
You hit the quokka.
The quokka is lightly wounded.
The quokka bites you but does no damage.
The quokka bites you.
You barely miss the quokka.
The quokka is lightly wounded.
The quokka bites you but does no damage.
Unknown command.
You barely miss the quokka.
The quokka is lightly wounded.
You block the quokka's attack.
The quokka bites you but does no damage.
You closely miss the quokka.
The quokka is lightly wounded.
The quokka bites you but does no damage.
You barely miss the quokka.
The quokka is lightly wounded.
The quokka bites you but does no damage. x2
You closely miss the quokka.
The quokka is lightly wounded.
The quokka bites you.
You closely miss the quokka.
The quokka is lightly wounded.
The quokka bites you but does no damage. x2
You barely miss the quokka. You block the quokka's attack.
Unknown command.
You closely miss the quokka. The quokka closely misses you.
The quokka bites you but does no damage.
You closely miss the quokka.
The quokka bites you but does no damage.
You thump the quokka!
You kill the quokka!
Unknown command.
You closely miss the iguana. The iguana completely misses you.
You hit the iguana but do no damage. The iguana bites you!
* * * LOW HITPOINT WARNING * * *
The iguana bites you!
Ouch! That really hurt!
You die... ▓▓▓▓▓▓▓▓▓▓▓▓▓▓▓▓▓▓ ▓<...'.†...@lZ...+ ▓▓▓▓▓▓▓▓▓▓▓▓▓▓▓▓▓▓

You could see an iguana and an adder skeleton.

Vanquished Creatures
  An ufetubus (D)
  2 dart slugs (D)
  A bat (D)
  2 endoplasms (D)
  A quokka (D)
  A ball python (D)
8 creatures vanquished.

Notes
Turn   | Place    | Note
-------+----------+-------------------------------------------
     0 | D        | mhtbhm the Gargoyle Fighter began the quest for the Orb.
     0 | D        | Reached XP level 1. HP: 14/14 MP: 1/1
    15 | D        | Reached XP level 2. HP: 15/20 MP: 2/2
   116 | D        | HP: 1/20 [iguana (9)]
   116 | D        | Mangled by an iguana

Illustrated notes

Levels and vault maps discovered:
D:        linesprint [early_d, line_temple, items_1, d_10, items_2, lair_1,
          lair_end, items_3, orc_1, orc_end, items_4, d_15, swamp_1, shoals_1,
          snake_1, spider_1, d_20, vaults_1, items_5, swamp_end, shoals_end,
          snake_end, spider_end, vaults_end, d_27, items_6, zot_1, zot_end,
          crypt_end, forest_end, elf_end, slime_end, tomb_end, abyss_end,
          pan_hell_end]

Skill      XL: |  1 |
---------------+----+-----
Shields        | 4 |  4.4
Fighting       | 4 |  4.4
Armour         | 4 |  4.4
Maces & Flails | |  2.6
Dodging        | |  0.2

Action                   || total
-------------------------++-------
Melee: Flail             ||    32
  Use: Potion            ||     1
Armor: Scale mail        ||    21
Dodge: Dodged            ||    15
Block: Buckler           ||     8

Table legend: (Time is in decaauts)
 A = Elapsed time spent in this place.
 B = Non-inter-level travel time spent in this place.
 C = Inter-level travel time spent in this place.
 D = Time resting spent in this place.
 E = Time spent auto-exploring this place.
 F = Levels seen in this place.
 G = Mean time per level.
                   A        B        C        D        E       F      G
               +--------+--------+--------+--------+--------+-----+--------+
         Total |    125 |    125 |      0 |     72 |      3 |   1 |  125.0 |
       Dungeon |    125 |    125 |      0 |     72 |      3 |   1 |  125.0 |
               +--------+--------+--------+--------+--------+-----+--------+

Top non-repeatable levels by time:
       D: 125 daAuts
